 Dungeon Crawl Stone Soup version 0.17.0-28-g6e173f8 (webtiles) character file.

23 coffecat the Grave Robber (level 2, 0/19 HPs)
             Began as a Vampire Necromancer on Nov 26, 2015.
             Slain by an adder (2 damage)
             ... on level 1 of the Dungeon.
             The game lasted 00:07:06 (930 turns).

coffecat the Grave Robber (Vampire Necromancer)      Turns: 930, Time: 00:07:06

Health: 0/19       AC:  5    Str:  7    XL:     2   Next: 72%
Magic:  5/5        EV: 10    Int: 17    God:
Gold:   10         SH:  0    Dex: 14    Spells: 2 memorised, 3 levels left

rFire  . . .     SeeInvis +     d - +0 hand axe
rCold  . . .     Clarity  .     f - +0 ring mail
rNeg   + . .     SustAt   .     (no shield)
rPois  .         Gourm    .     (no helmet)
rElec  .         Spirit   .     (no cloak)
rCorr  .         Warding  .     (no gloves)
rMut   .         Stasis   .     (no boots)
MR     .....                    (no amulet)
Stlth  ++........               (no ring)
                                (no ring)

@: lethally poisoned (0 -> -6), not resistant to hostile enchantments,
unstealthy
A: fangs 3, see invisible, unbreathing
a: no special abilities


You were on level 1 of the Dungeon.
You were not thirsty.

You visited 1 branch of the dungeon, and saw 2 of its levels.

You collected 10 gold pieces.

Inventory:

Hand Weapons
 d - a +0 hand axe (weapon)
Armour
 a - a +0 robe
 f - a +0 ring mail (worn)
Scrolls
 j - a scroll of random uselessness
Potions
 e - a potion of might {unknown}
 i - a potion of heal wounds {unknown}
 y - 7 potions of blood
Books
 b - a book of Necromancy

   Spells                             Type                      Level
   a - Pain                           Necromancy                   1
   b - Animate Skeleton               Necromancy                   1
   c - Vampiric Draining              Necromancy                   3
   d - Regeneration                   Charms/Necromancy            3
   e - Animate Dead                   Necromancy                   4
   f - Control Undead                 Necromancy                   4


   Skills:
 + Level 0.1 Fighting
 + Level 0.1 Axes
 + Level 2.3 Dodging
 + Level 3.1 Stealth
 + Level 2.1 Spellcasting
 + Level 5.0 Necromancy


You had 3 spell levels left.
You knew the following spells:

 Your Spells              Type           Power        Failure   Level  Hunger
a - Pain                  Necr           ###.         10%         1    #......
b - Animate Skeleton      Necr           N/A          10%         1    #......


Dungeon Overview and Level Annotations

Branches:
Dungeon (2/15)

Altars:
Ashenzari


Innate Abilities, Weirdness & Mutations

You have razor-sharp teeth.
You have supernaturally acute eyesight.
You can survive without breathing.


Message History

Read which item? (? for menu, Esc to quit)
As you read the scroll labeled PEELIM RAUNTAM, it crumbles to dust.
You feel blessed for a moment.
It was a scroll of remove curse.
* * * LOW HITPOINT WARNING * * *
You feel sick.
Your jackal skeleton closely misses the adder.
The adder barely misses your jackal skeleton.
Something bites the adder but does no damage.
Your jackal skeleton closely misses the adder.
Your jackal skeleton bites the adder.
The adder bites your jackal skeleton.
Your jackal skeleton is destroyed!
Read which item? (? for menu, Esc to quit)
As you read the scroll labeled OWOVUW DUHANK, it crumbles to dust.
You experience a momentary feeling of inescapable doom!
It was a scroll of random uselessness.
Something misses the adder.
Your jackal skeleton barely misses the adder.
* * * LOW HITPOINT WARNING * * *
You feel sick. The adder bites you.
You die...

#. ##.#####.........### #..
#..#...#.......#....
####..###..#.÷.'..._...'...+
...........#...#.......#...#
#..#....#.###.......#####
####..#Z#(....#.........#...
......Z.###...#⌠.##'#..⌠...#
#######.###.#(####...####.#.
#>ZZS@#....#........##
###.###.#..#......### #.#
#.##.#.###...# #.# ##. ...
....#... #.# ....###...##.#
... ....## ##### .# ### ...#
# #..


You could see an adder and 2 friendly jackal skeletons.

Vanquished Creatures
  2 goblins (D:1)
  A hobgoblin (D:1)
  6 jackals (D:1)
  5 kobolds (D:1)
  A bat (D:1)
  4 giant newts (D:1)
  2 rats (D:1)
21 creatures vanquished.

Notes
Turn   | Place    | Note
--------------------------------------------------------------
     0 | D:1      | coffecat the Vampire Necromancer began the quest for the Orb.
     0 | D:1      | Reached XP level 1. HP: 13/13 MP: 3/3
     4 | D:1      | Learned a level 1 spell: Animate Skeleton
   257 | D:1      | Reached XP level 2. HP: 17/19 MP: 1/5
   387 | D:1      | Found a shattered altar of Ashenzari.
   588 | D:1      | Reached skill level 5 in Necromancy
   930 | D:1      | Slain by an adder

Action                   || total
-------------------------++-------
Melee: Hand axe          ||    35
       Unarmed           ||     4
 Cast: Pain              ||    18
       Animate Skeleton  ||     4
  Use: Scroll            ||     3
